 Dungeon Crawl Stone Soup version 0.26.0-10-g1f06aea511 (webtiles) character file.

Game seed: 17912378091921418433

618 Arum the Skirmisher (level 7, 0/44 HPs)
             Began as a Gargoyle Fighter on Jan 18, 2021.
             Was an Initiate of the Shining One.
             Slain by an orc warrior
             ... wielding a +0 dire flail
              (16 damage)
             ... on level 5 of the Dungeon.
             The game lasted 00:03:28 (4188 turns).

Arum the Skirmisher (Gargoyle Fighter)              Turns: 4188, Time: 00:03:29

Health: 0/44       AC: 22    Str: 21    XL:     7   Next: 45%
Magic:  7/7        EV:  7    Int:  9    God:    the Shining One [......]
Gold:   253        SH: 10    Dex:  9    Spells: 6/6 levels left

rFire    . . .     SeeInvis .   l - +1 flail (protect)
rCold    . . .     Faith    .   c - +0 kite shield
rNeg     + . .     Spirit   .   b - +0 scale mail
rPois    ∞         Reflect  .   t - +2 helmet
rElec    +         Harm     .   (no cloak)
rCorr    .         Rampage  .   (no gloves)
Will     .....                  (no boots)
Stlth    ..........             (no amulet)
HPRegen  0.14/turn              (no ring)
MPRegen  0.10/turn              (no ring)

@: protection aura, glowing
A: negative energy resistance 1, electricity resistance, unbreathing,
petrification resistance, miasma immunity, AC +4
a: Renounce Religion


You were on level 5 of the Dungeon.
You worshipped the Shining One.
The Shining One was noncommittal.
You visited 1 branch of the dungeon, and saw 5 of its levels.

You collected 253 gold pieces.

Inventory:

Hand Weapons
 l - a +1 flail of protection (weapon)
Armour
 b - a +0 scale mail (worn)
 c - a +0 kite shield (worn)
 t - a +2 helmet (worn)
Scrolls
 e - 2 scrolls of amnesia {unknown}
 f - 4 scrolls of immolation {unknown}
 g - 4 scrolls of teleportation {unknown}
 h - 9 scrolls of identify {unknown}
 j - 2 scrolls of fog {unknown}
 k - a scroll of enchant weapon {unknown}
 m - 3 scrolls of remove curse {unknown}
 q - a scroll of blinking {unknown}
 s - a scroll of enchant armour {unknown}
Potions
 a - a potion of magic {unknown}
 d - 4 potions of might
 i - a potion of brilliance {unknown}
 n - 2 potions of curing {unknown}
 o - 2 potions of cancellation {unknown}
 p - a potion of ambrosia {unknown}
 r - a potion of heal wounds {unknown}


   Skills:
 + Level 5.4 Fighting
 + Level 4.3 Maces & Flails
 + Level 5.3 Armour
 + Level 5.4 Shields


You had 6 spell levels left.
You didn't know any spells.
Your spell library was empty.

Dungeon Overview and Level Annotations

Branches:
Dungeon (5/15)
 Temple: D:4-7

Altars:
Elyvilon
Makhleb
Qazlal
Yredelemnul
Zin
The Shining One


Innate Abilities, Weirdness & Mutations

You are resistant to torment.
Your stone body is resilient. (AC +4)
You are immune to poison.
You resist negative energy. (rN+)
You are resistant to electric shocks. (rElec)
You can survive without breathing.
You are immune to petrification.
You are immune to miasma.


Message History

You are too injured to fight recklessly!
You are too injured to fight recklessly!
You are too injured to fight recklessly!
You are too injured to fight recklessly!
You are too injured to fight recklessly!
You are too injured to fight recklessly!
You are too injured to fight recklessly!
You are too injured to fight recklessly!
You are too injured to fight recklessly!
You are too injured to fight recklessly!
You are too injured to fight recklessly!
You are too injured to fight recklessly!
You are too injured to fight recklessly!
You are too injured to fight recklessly!
You are too injured to fight recklessly!
Unknown command.
You hit the orc warrior but do no damage.
The orc warrior is severely wounded.
The orc warrior hits you with a +0 dire flail!
You die...

#............n.......
+....................
#...........on....... ..
#####......####+##..
..#+#####...'......+
........#...#......#
........'...###'####
........#.oooo....#
........#).@#.....#
........#...#.....#
........#...#.....#
........#...##....#
..........≈.##....#
..≈...≈≈....#######)......
.....≈≈≈.....#....#........
..≈≈≈≈≈≈≈≈...'....#........
..≈≈≈≈≈≈....##....#........


You could see an orc warrior, an orc wizard and 2 orcs.

Vanquished Creatures
  An ogre (D:4)
  A centaur (D:5)
  A centaur zombie (D:5)
  A hound (D:4)
  2 orc priests
  2 orc wizards
  A centaur skeleton (D:2)
  3 worker ants (D:4)
  6 adders
  An ufetubus (D:5)
  3 worms
  4 dart slugs (D:1)
  2 leopard geckos (D:4)
  16 orcs
  11 bats
  3 giant cockroaches
  7 goblins
  8 hobgoblins
  A quokka (D:3)
  7 frilled lizards
  10 kobolds
  A leopard gecko zombie (D:5)
  11 rats
103 creatures vanquished.

Notes
Turn   | Place    | Note
-------+----------+-------------------------------------------
     0 | D:1      | Arum the Gargoyle Fighter began the quest for the Orb.
     0 | D:1      | Reached XP level 1. HP: 14/14 MP: 1/1
    80 | D:1      | Reached XP level 2. HP: 18/19 MP: 2/2
   211 | D:1      | You fall into a shaft and drop 1 floor!
   216 | D:2      | Reached XP level 3. HP: 23/23 MP: 3/3
   463 | D:2      | Reached XP level 4. HP: 22/29 MP: 4/4
   619 | D:2      | Found a burning altar of Makhleb.
  1019 | D:3      | Found a basalt altar of Yredelemnul.
  1107 | D:3      | Reached XP level 5. HP: 25/33 MP: 5/5
  2120 | D:4      | Reached XP level 6. HP: 38/39 MP: 6/6
  2400 | D:4      | You fall into a shaft and drop 1 floor!
  2400 | D:5      | Entered Level 5 of the Dungeon
  2411 | D:5      | Reached skill level 5 in Fighting
  2411 | D:5      | Reached skill level 5 in Armour
  2411 | D:5      | Reached skill level 5 in Shields
  2411 | D:5      | Reached XP level 7. HP: 32/44 MP: 7/7
  2949 | D:4      | Found a white marble altar of Elyvilon.
  2950 | D:4      | Found a glowing golden altar of the Shining One.
  2951 | D:4      | Found a glowing silver altar of Zin.
  3053 | D:4      | Became a worshipper of the Shining One
  4138 | D:5      | Found a stormy altar of Qazlal.
  4188 | D:5      | Slain by an orc warrior

Illustrated notes

Levels and vault maps discovered:
D:1:      nzn_arrival_crosshair, layout_loops_cross, chequers_jeans,
          minmay_misc_feat_rows, minmay_nonomino_d4
D:2:      layout_rooms, old_standard_altar, minmay_misc_feat_hallway
D:3:      layout_basic, yredelemnul_altar_generic
D:4:      layout_basic, good_gods_temple_1, serial_forest,
          infiniplex_forest_end_2, infiniplex_forest_clump_curved,
          infiniplex_forest_corner_1, infiniplex_forest_clump_C,
          infiniplex_forest_straight_3, infiniplex_forest_lined_room_,
          kennysheep_generic_room_5
D:5:      layout_gridville, nicolae_qazlal_general_emergency,
          lemuel_blue_sif_altar, st_stairs_11

Skill      XL: |  1  2  3  4  5  6  7 |
---------------+----------------------+-----
Shields        | 4 5 |  5.4
Fighting       | 4 5 |  5.4
Armour         | 4 5 |  5.3
Maces & Flails | 3 4 |  4.3

Action                   |  1- 3 |  4- 6 |  7- 9 || total
-------------------------+-------+-------+-------++-------
Melee: Flail             |    89 |   181 |    88 ||   358
Armor: Scale mail        |    53 |   115 |    53 ||   221
Dodge: Dodged            |    31 |    69 |    19 ||   119
Block: Kite shield       |    42 |   110 |    54 ||   206
